 Dungeon Crawl Stone Soup version 0.29-a0-994-gc5c9f59d18 (webtiles) character file.

Game seed: 12524419639240982742

19574 sanka the Destroyer (level 12, -5/84 (97) HPs)
             Began as a Gnoll Conjurer on Aug 1, 2022.
             Was a Believer of Ashenzari.
             Slain by a hell rat (11 damage)
             ... on level 3 of the Lair of Beasts on Aug 3, 2022.
             The game lasted 00:44:19 (17489 turns).

sanka the Destroyer (Gnoll Conjurer)               Turns: 17489, Time: 00:44:19

HP:   -5/84 (97)    AC:  9    Str:  8    XL:     12   Next: 70%
MP:   0/36          EV: 17    Int: 27    God:    Ashenzari [**....]
Gold: 760           SH:  0    Dex: 15    Spells: 26/33 levels left

rFire   . . .      SeeInvis +   a - +2 hand axe (drain)
rCold   . . .      Faith    .   (no shield)
rNeg    . . .      Spirit   +   F - +1 robe of the Mantic Liberalism {+Inv Dex+4, Self, Cun} (curse)
rPois   .          Reflect  .   (no helmet)
rElec   .          Harm     .   H - +2 cloak "Revealing Affliction" {Elem, Alch} (curse)
rCorr   .          Rampage  .   T - +0 pair of gloves
Will    .....                   E - +0 pair of boots
Stlth   +++++.....              s - amulet of Star-Bound Wisdom {Spirit, Alch, Self} (curse)
HPRegen 0.24/turn               w - ring of magical power
MPRegen 0.25/turn               P - ring of Ashenzari's Limitation {Int+6, Elem, Cun} (curse)

@: heavily drained
A: fangs 1, strong nose, distributed training
a: Renounce Religion, Evoke Invisibility, Curse Item, Shatter the Chains


You were on level 3 of the Lair of Beasts.
You worshipped Ashenzari.
Ashenzari was pleased with you.
You visited 3 branches of the dungeon, and saw 16 of its levels.

You collected 790 gold pieces.
You spent 30 gold pieces at shops.


Innate Abilities, Weirdness & Mutations

You have very sharp teeth.
Your uncanny sense of smell can sniff out nearby items.
Your experience applies equally to all skills.


   Skills:
 + Level 7.8(9.8) Fighting
 + Level 7.8 Short Blades
 + Level 7.8 Long Blades
 + Level 7.8 Axes
 + Level 7.8 Maces & Flails
 + Level 7.8 Polearms
 + Level 7.8 Staves
 + Level 7.8 Ranged Weapons
 + Level 7.8 Throwing
 + Level 7.8 Armour
 + Level 9.1(11.0) Dodging
 + Level 9.0(10.9) Stealth
 + Level 7.8 Shields
 + Level 7.8 Unarmed Combat
 + Level 9.3(11.2) Spellcasting
 + Level 9.7 Conjurations
 + Level 6.5 Hexes
 + Level 6.5 Summonings
 + Level 6.5 Necromancy
 + Level 6.5 Translocations
 + Level 6.5(8.4) Transmutations
 + Level 6.5(8.4) Fire Magic
 + Level 6.5(8.4) Ice Magic
 + Level 6.5(8.4) Air Magic
 + Level 6.5(8.4) Earth Magic
 + Level 6.5(8.4) Poison Magic
 + Level 8.6 Invocations
 + Level 7.8 Evocations


You had 26 spell levels left.
You knew the following spells:

 Your Spells              Type           Power      Damage    Failure   Level
x - Searing Ray           Conj           100%       2d8       1%          2
z - Magic Dart            Conj           100%       1d8       1%          1
Z - Fulminant Prism       Conj/Hex       28%        3d14      1%          4

Your spell library contained the following spells:

 Spells                   Type           Power      Damage    Failure   Level
 Apportation              Tloc           100%       N/A       1%          1
 Foxfire                  Conj/Fire      100%       2x1d9     1%          1
 Necrotise                Necr           100%       1d9       1%          1
 Summon Small Mammal      Summ           100%       N/A       1%          1
 Call Canine Familiar     Summ           50%        N/A       1%          3
 Conjure Flame            Conj/Fire      59%        6-21      1%          3
 Dazzling Flash           Conj/Hex       100%       N/A       1%          3
 Inner Flame              Hex/Fire       53%        N/A       1%          3
 Portal Projectile        Hex/Tloc       100%       N/A       1%          3
 Corpse Rot               Necr/Pois/Air  55%        N/A       1%          4
 Flame Wave               Conj/Fire      59%        2d14      1%          4
 Iskenderun's Mystic Bla  Conj/Tloc      56%        2d12      1%          4
 Leda's Liquefaction      Hex/Erth       26%        N/A       1%          4
 Dispel Undead            Necr           50%        3d19      2%          4
 Silence                  Hex/Air        26%        N/A       4%          5
 Agony                    Necr           50%        N/A       7%          5
 Death Channel            Necr           25%        N/A       36%         6

Inventory:

Hand Weapons
 a - a +2 hand axe of draining (weapon)
 b - a +0 dagger of venom
 r - a +1 hand axe of venom
 B - a +0 war axe
Missiles
 g - 33 poisoned darts
 k - a throwing net {=f}
Armour
 E - a +0 pair of boots (worn)
 F - the cursed +1 robe of the Mantic Liberalism (worn) {+Inv Dex+4, Self, Cun}

   Dex:       It affects your dexterity (+4).
   +Inv:      It lets you turn invisible.
   It has a curse which improves the following skills: Introspection: Fighting
   and Spellcasting.
   Cunning:   Dodging and Stealth.
 H - the cursed +2 cloak "Revealing Affliction" (worn) {Elem, Alch}

   It has a curse which improves the following skills: Elements: Fire Magic, Ice
   Magic, Air Magic and Earth Magic.
   Alchemy:   Poison Magic and Transmutations.
 L - a +0 helmet
 T - a +0 pair of gloves (worn)
Jewellery
 d - a ring of magical power
 s - the cursed amulet of Star-Bound Wisdom (around neck) {Spirit, Alch, Self}

   [amulet of guardian spirit]

   It causes incoming damage to be divided between your reserves of health and
   magic.
   It has a curse which improves the following skills: Alchemy: Poison Magic and
   Transmutations.
   Introspection: Fighting and Spellcasting.
 v - a +6 ring of strength
 w - a ring of magical power (left hand)
 C - a ring of ice
 P - the cursed ring of Ashenzari's Limitation (right hand) {Int+6, Elem, Cun}

   [ring of intelligence]

   Int:       It affects your intelligence (+6).
   It has a curse which improves the following skills: Elements: Fire Magic, Ice
   Magic, Air Magic and Earth Magic.
   Cunning:   Dodging and Stealth.
Wands
 i - a wand of mindburst (7)
Scrolls
 f - 3 scrolls of summoning
 h - 6 scrolls of vulnerability {!r}
 j - 2 scrolls of amnesia
 m - 3 scrolls of magic mapping
 p - 8 scrolls of teleportation {@r4}
 x - 3 scrolls of poison {!r}
 y - 3 scrolls of enchant armour
 I - a scroll of enchant weapon
 K - a scroll of butterflies
 M - 2 scrolls of immolation {!r}
 Q - a scroll of blinking
 S - a scroll of silence {!r}
Potions
 c - 2 potions of brilliance
 e - 4 potions of heal wounds {@q2}
 l - 2 potions of attraction {!q}
 n - 2 potions of magic
 o - 6 potions of might
 q - a potion of flight
 t - 2 potions of haste {@q3}
 u - 4 potions of curing {@q1}
 z - 2 potions of berserk rage {!q}
 A - 2 potions of degeneration {!q}
 D - 2 potions of invisibility
 G - a potion of cancellation
 J - 2 potions of lignification {!q}
 O - a potion of ambrosia
 R - 3 potions of mutation {!q}

Dungeon Overview and Level Annotations

Branches:
Dungeon (12/15)            Temple (1/1) D:7            Lair (3/5) D:8
  Swamp (0/4) Lair:2       Spider (0/4) Lair:2
    Orc: D:9-12

Altars:
Ashenzari
Cheibriados
Dithmenos
Elyvilon
Fedhas
Gozag
Hepliaklqana
Kikubaaqudgha
Makhleb
Nemelex Xobeh
Okawaru
Qazlal
Ru
Sif Muna
Trog
Uskayaw
Vehumet
Wu Jian
Xom
Yredelemnul
Zin
The Shining One

Shops:
D:4 *   D:5 *   D:6 **   D:8 *   D:9 [*

Annotations:
D:8 1 runed translucent door, exclusion: door, Endy73's ghost, novice TrBe
Lair:3 2 runed translucent doors, Gastronok; Nessos; Qenutwie's ghost, journeyman HOCA

▒ ▒ ▒.▒ ▒..▒ ▒ ▒
..▒f▒.▒▒.▒▒ ▒▒.▒▒
▒▒▒ .░ ░ c....!....▒
▒..▒▒▒▒▒▒.▒ .░
▒.▒.▒▒▒P..▒▒▒
▒▒..÷▒..▒▒.. ▒.
▒▒▒.▒.▒▒▒.......>...
▒▒▒.
▒▒.▒..▒▒▒.▒▒.▒▒f.▒▒
░▒...
..........▒▒▒▒▒▒▒▒
...▒▒▒ ▒...▒.▒..f ▒▒
░░ ░
▒.P.▒▒▒▒▒g▒▒▒░▒▒.▒
▒▒▒. ░▒...▒▒P.▒r▒
▒.▒ ▒▒▒▒.▒▒
▒........†▒ ▒▒▒
▒......
▒..▒....▒.▒▒▒▒.▒▒.
▒▒.▒▒..
▒..▒▒▒▒.......▒..~▒░
▒▒▒▒▒▒ ▒▒.
▒▒▒▒....▒≈~.≈∆ ▒. ░
▒. ░ ░ ▒.....+#▒..
▒▒ ░
▒.░▒.▒▒▒.....+≈..}
░░░ ▒f , , ..
.......†..▒#⌠≈. ...


You could see a hell rat.


Message History

You finish channelling your searing ray.
Unknown command.
Aiming: Searing Ray (safe; 1% risk of failure)
Aim: a hell rat (lightly wounded, 83% to hit)
The searing ray hits the hell rat.
The hell rat is lightly wounded. (Press . to maintain the ray.)
The hell rat bites you. The hell rat barely misses you.
The searing ray hits the hell rat!
The hell rat is severely wounded.
The searing ray hits the hell rat!
You kill the hell rat!
The hell rat bites you!
* * * LOW HITPOINT WARNING * * *
You feel drained.
* * * LOW HITPOINT WARNING * * *
The searing ray hits the hell rat.
The hell rat is almost dead.
The hell rat bites you!
* * * LOW HITPOINT WARNING * * *
You feel drained.
* * * LOW HITPOINT WARNING * * *
Unknown command.
The searing ray hits the hell rat but does no damage.
The hell rat is almost dead.
You finish channelling your searing ray.
The hell rat closely misses you. The hell rat bites you!
You die...

Action                   |  1- 3 |  4- 6 |  7- 9 | 10-12 || total
-------------------------+-------+-------+-------+-------++-------
Melee: Hand axe          |       |       |     7 |    90 ||    97
       Unarmed           |       |       |       |    20 ||    20
       Bite              |       |       |       |    13 ||    13
       Punch             |       |       |       |     3 ||     3
 Cast: Magic Dart        |    74 |    48 |   181 |   136 ||   439
       Searing Ray       |       |    11 |    55 |    59 ||   125
       Fulminant Prism   |       |       |    15 |   117 ||   132
Invok: Curse Item        |       |       |       |     4 ||     4
  Use: Potion            |       |       |       |     1 ||     1
Armor: Robe              |     1 |     2 |    13 |    61 ||    77
       Skin              |       |       |       |    14 ||    14
Dodge: Dodged            |     4 |     9 |    59 |   214 ||   286

Levels and vault maps discovered:
D:1:      saegor_arrival_simple_b, layout_basic, ebering_ecumenical_altar_webs
D:2:      layout_basic
D:3:      layout_loops_ring, mainiacjoe_overflow_brackets,
          mainiacjoe_overflow_cross_hatched, kennysheep_generic_room_13,
          uniq_terence
D:4:      layout_loops_ring, chequers_temple_overflow_minitemple,
          minmay_shop_damaged
D:5:      nicolae_cairo_tiling, layout_gridville, kennysheep_mini_moat,
          lemuel_crystal_altar, nicolae_elemental_shop, corner_web_ring,
          abandoned_shop
D:6:      layout_basic, amcnicky_altar_gilded, grunt_dithmenos_smoke,
          serial_glass, glass_columns_c, glass_columns_b,
          nicolae_specific_store, chequers_decorated_corner,
          chequers_serial_rivers_micro_c, uniq_edmund
D:7:      layout_cave_pools, nicolae_uskayaw_murder_on_the_dancefloor,
          minmay_temple_entry_antechambers, uniq_duvessa, uniq_maggie,
          uniq_crazy_yiuf_cottage
D:8:      layout_loops_ring, david_lair_generic, serial_shops,
          nicolae_shop_hallway_stairs, ebering_ghost_funeral_grove
D:9:      layout_layer_cave, grunt_temple_overflow_champion_of_chaos,
          general_overflow_altar, grunt_temple_overflow_open, serial_shops,
          shop, nicolae_shop_gadgets
D:10:     layout_loops_ring, special_room [special_room_orc], nrook_uturn,
          uniq_erolcha
D:11:     layout_loops_ring, hangedman_decor_riveting, minmay_misc_feat_square,
          uniq_fannar
D:12:     minmay_distorted_concentric_squares, layout_loops_cross, orc_david_3,
          uniq_josephine
Temple:   nicolae_temple_great_sept
Lair:1:   layout_chaotic_city, serial_bayou_shore_b, serial_bayou_shore_b
Lair:2:   layout_long_grid, minmay_swamp_entry_wisps,
          nicolae_spider_entry_non_spiders, serial_forest,
          infiniplex_forest_clump_cross, infiniplex_forest_clump_medium,
          infiniplex_forest_end_2, infiniplex_forest_clump_medium,
          infiniplex_forest_clump_tiny, infiniplex_forest_straight_1,
          infiniplex_forest_straight_5, beast_lair_carwin_7
Lair:3:   layout_small_grid, ebering_ghost_disaster_area, uniq_gastronok,
          uniq_nessos

Notes
Turn   | Place    | Note
-------+----------+-------------------------------------------
     0 | D:1      | sanka the Gnoll Conjurer began the quest for the Orb.
     0 | D:1      | Reached XP level 1. HP: 13/13 MP: 6/6
   122 | D:1      | Reached XP level 2. HP: 19/19 MP: 5/7
   577 | D:1      | Found a faded altar of an unknown god.
   646 | D:1      | Reached skill level 5 in Spellcasting
   646 | D:1      | Reached XP level 3. HP: 25/25 MP: 9/9
  1109 | D:2      | Reached skill level 1 in Invocations
  1449 | D:2      | Reached skill level 1 in Fighting
  1449 | D:2      | Reached skill level 1 in Short Blades
  1449 | D:2      | Reached skill level 1 in Long Blades
  1449 | D:2      | Reached skill level 1 in Axes
  1449 | D:2      | Reached skill level 1 in Maces & Flails
  1449 | D:2      | Reached skill level 1 in Polearms
  1449 | D:2      | Reached skill level 1 in Staves
  1449 | D:2      | Reached skill level 1 in Ranged Weapons
  1449 | D:2      | Reached skill level 1 in Throwing
  1449 | D:2      | Reached skill level 1 in Armour
  1449 | D:2      | Reached skill level 1 in Shields
  1449 | D:2      | Reached skill level 1 in Unarmed Combat
  1449 | D:2      | Reached skill level 1 in Evocations
  1838 | D:2      | Reached XP level 4. HP: 32/32 MP: 11/11
  1925 | D:2      | Learned a level 2 spell: Searing Ray
  2034 | D:3      | Noticed Terence
  2039 | D:3      | Killed Terence
  2040 | D:3      | Reached skill level 1 in Hexes
  2040 | D:3      | Reached skill level 1 in Summonings
  2040 | D:3      | Reached skill level 1 in Necromancy
  2040 | D:3      | Reached skill level 1 in Translocations
  2040 | D:3      | Reached skill level 1 in Transmutations
  2040 | D:3      | Reached skill level 1 in Fire Magic
  2040 | D:3      | Reached skill level 1 in Ice Magic
  2040 | D:3      | Reached skill level 1 in Air Magic
  2040 | D:3      | Reached skill level 1 in Earth Magic
  2040 | D:3      | Reached skill level 1 in Poison Magic
  2091 | D:3      | Found an opulent altar of Gozag.
  2205 | D:3      | Found an iron altar of Okawaru.
  2429 | D:6      | Found a shadowy altar of Dithmenos.
  2487 | D:6      | Noticed a scorpion
  2492 | D:6      | Noticed a phantom
  2506 | D:6      | Killed a scorpion
  2507 | D:6      | Reached XP level 5. HP: 16/37 MP: 12/12
  2514 | D:6      | Killed a phantom
  2515 | D:6      | Reached skill level 2 in Invocations
  2515 | D:6      | Reached XP level 6. HP: 9/44 MP: 5/14
  2764 | D:6      | Reached skill level 2 in Fighting
  2764 | D:6      | Reached skill level 2 in Short Blades
  2764 | D:6      | Reached skill level 2 in Long Blades
  2764 | D:6      | Reached skill level 2 in Axes
  2764 | D:6      | Reached skill level 2 in Maces & Flails
  2764 | D:6      | Reached skill level 2 in Polearms
  2764 | D:6      | Reached skill level 2 in Staves
  2764 | D:6      | Reached skill level 2 in Ranged Weapons
  2764 | D:6      | Reached skill level 2 in Throwing
  2764 | D:6      | Reached skill level 2 in Armour
  2764 | D:6      | Reached skill level 5 in Dodging
  2764 | D:6      | Reached skill level 2 in Shields
  2764 | D:6      | Reached skill level 2 in Unarmed Combat
  2764 | D:6      | Reached skill level 2 in Evocations
  2927 | D:6      | Noticed a black bear
  2936 | D:6      | Killed a black bear
  3094 | D:6      | Reached XP level 7. HP: 51/51 MP: 15/15
  3139 | D:6      | Found a sparkling altar of Nemelex Xobeh.
  3190 | D:6      | Found Jyrui's Specific Store.
  3204 | D:5      | Entered Level 5 of the Dungeon
  3223 | D:5      | Found a shimmering blue altar of Sif Muna.
  3226 | D:5      | Found Bolel's Elemental Accessories.
  3256 | D:5      | Reached skill level 2 in Hexes
  3256 | D:5      | Reached skill level 2 in Summonings
  3256 | D:5      | Reached skill level 2 in Necromancy
  3256 | D:5      | Reached skill level 2 in Translocations
  3256 | D:5      | Reached skill level 2 in Transmutations
  3256 | D:5      | Reached skill level 2 in Fire Magic
  3256 | D:5      | Reached skill level 2 in Ice Magic
  3256 | D:5      | Reached skill level 2 in Air Magic
  3256 | D:5      | Reached skill level 2 in Earth Magic
  3256 | D:5      | Reached skill level 2 in Poison Magic
  3422 | D:5      | Reached skill level 5 in Stealth
  3422 | D:5      | Reached skill level 3 in Invocations
  4428 | D:4      | Found a blossoming altar of Fedhas.
  4428 | D:4      | Found a glowing golden altar of the Shining One.
  4435 | D:4      | Found an ancient bone altar of Kikubaaqudgha.
  4437 | D:4      | Found a faded altar of an unknown god.
  4439 | D:4      | Found a faded altar of an unknown god.
  4590 | D:4      | Found Xoimeps's Lightly-Used Armoury.
  4751 | D:4      | Reached skill level 3 in Fighting
  4751 | D:4      | Reached skill level 3 in Short Blades
  4751 | D:4      | Reached skill level 3 in Long Blades
  4751 | D:4      | Reached skill level 3 in Axes
  4751 | D:4      | Reached skill level 3 in Maces & Flails
  4751 | D:4      | Reached skill level 3 in Polearms
  4751 | D:4      | Reached skill level 3 in Staves
  4751 | D:4      | Reached skill level 3 in Ranged Weapons
  4751 | D:4      | Reached skill level 3 in Throwing
  4751 | D:4      | Reached skill level 3 in Armour
  4751 | D:4      | Reached skill level 3 in Shields
  4751 | D:4      | Reached skill level 3 in Unarmed Combat
  4751 | D:4      | Reached skill level 3 in Evocations
  4751 | D:4      | Reached XP level 8. HP: 51/58 MP: 16/16
  5279 | D:5      | Reached skill level 6 in Spellcasting
  5333 | D:5      | Found an ornate altar of the Wu Jian Council.
  5684 | D:6      | Noticed Edmund
  5707 | D:6      | Killed Edmund
  5918 | D:6      | Learned a level 4 spell: Fulminant Prism
  6066 | D:6      | Reached skill level 4 in Invocations
  6068 | D:6      | Reached skill level 3 in Hexes
  6068 | D:6      | Reached skill level 3 in Summonings
  6068 | D:6      | Reached skill level 3 in Necromancy
  6068 | D:6      | Reached skill level 3 in Translocations
  6068 | D:6      | Reached skill level 3 in Transmutations
  6068 | D:6      | Reached skill level 3 in Fire Magic
  6068 | D:6      | Reached skill level 3 in Ice Magic
  6068 | D:6      | Reached skill level 3 in Air Magic
  6068 | D:6      | Reached skill level 3 in Earth Magic
  6068 | D:6      | Reached skill level 3 in Poison Magic
  6072 | D:6      | Reached skill level 6 in Dodging
  6103 | D:6      | Identified the +1 robe "Jeant" {+Inv Dex+4}
  6418 | D:6      | Found Ycku's General Store.
  6422 | D:6      | Bought a scroll of teleportation for 30 gold pieces
  6457 | D:6      | Reached XP level 9. HP: 65/65 MP: 18/18
  6688 | D:7      | Noticed Duvessa
  6691 | D:7      | Reached skill level 4 in Fighting
  6691 | D:7      | Reached skill level 4 in Short Blades
  6691 | D:7      | Reached skill level 4 in Long Blades
  6691 | D:7      | Reached skill level 4 in Axes
  6691 | D:7      | Reached skill level 4 in Maces & Flails
  6691 | D:7      | Reached skill level 4 in Polearms
  6691 | D:7      | Reached skill level 4 in Staves
  6691 | D:7      | Reached skill level 4 in Ranged Weapons
  6691 | D:7      | Reached skill level 4 in Throwing
  6691 | D:7      | Reached skill level 4 in Armour
  6691 | D:7      | Reached skill level 4 in Shields
  6691 | D:7      | Reached skill level 4 in Unarmed Combat
  6691 | D:7      | Reached skill level 4 in Evocations
  6696 | D:7      | Noticed Dowan
  6697 | D:7      | Killed Duvessa
  6703 | D:7      | Killed Dowan
  6810 | D:6      | Reached skill level 6 in Stealth
  6810 | D:6      | Reached skill level 8 in Conjurations
  7035 | D:7      | Identified +0 acid dragon scales
  7035 | D:7      | Noticed Maggie
  7045 | D:7      | Killed Maggie
  7046 | D:7      | Reached skill level 5 in Invocations
  7666 | D:7      | Found a hide-covered altar of Uskayaw.
  7691 | D:7      | Reached skill level 7 in Spellcasting
  7694 | D:7      | Reached skill level 4 in Hexes
  7694 | D:7      | Reached skill level 4 in Summonings
  7694 | D:7      | Reached skill level 4 in Necromancy
  7694 | D:7      | Reached skill level 4 in Translocations
  7694 | D:7      | Reached skill level 4 in Transmutations
  7694 | D:7      | Reached skill level 4 in Fire Magic
  7694 | D:7      | Reached skill level 4 in Ice Magic
  7694 | D:7      | Reached skill level 4 in Air Magic
  7694 | D:7      | Reached skill level 4 in Earth Magic
  7694 | D:7      | Reached skill level 4 in Poison Magic
  7919 | D:7      | Found a runed translucent door.
  7919 | D:7      | Noticed Crazy Yiuf
  7967 | D:7      | Found a staircase to the Ecumenical Temple.
  7976 | Temple   | Entered the Ecumenical Temple
  8258 | D:7      | Killed Crazy Yiuf
  8361 | D:8      | Found Heasu's Assorted Antiques.
  8400 | D:8      | Found a staircase to the Lair.
  8400 | D:8      | Noticed an elephant
  8408 | D:8      | Reached skill level 5 in Fighting
  8408 | D:8      | Reached skill level 5 in Short Blades
  8408 | D:8      | Reached skill level 5 in Long Blades
  8408 | D:8      | Reached skill level 5 in Axes
  8408 | D:8      | Reached skill level 5 in Maces & Flails
  8408 | D:8      | Reached skill level 5 in Polearms
  8408 | D:8      | Reached skill level 5 in Staves
  8408 | D:8      | Reached skill level 5 in Ranged Weapons
  8408 | D:8      | Reached skill level 5 in Throwing
  8408 | D:8      | Reached skill level 5 in Armour
  8408 | D:8      | Reached skill level 5 in Shields
  8408 | D:8      | Reached skill level 5 in Unarmed Combat
  8408 | D:8      | Reached skill level 5 in Evocations
  8408 | D:8      | Reached XP level 10. HP: 74/74 MP: 20/20
  8411 | D:8      | Reached skill level 7 in Dodging
  8422 | D:8      | Killed an elephant
  8962 | D:8      | Found a runed translucent door.
  8962 | D:8      | Identified the +7 trident of Moderation {holy, rN++}
  8963 | D:8      | Noticed Endy73's ghost (novice TrBe)
  9412 | D:9      | Reached skill level 7 in Stealth
  9412 | D:9      | Reached skill level 6 in Invocations
  9774 | D:9      | Found a burning altar of Makhleb.
  9833 | D:9      | Found a shimmering altar of Xom.
  9947 | D:9      | Found Nireb's Antique Armour Emporium.
 10159 | D:9      | Found Sophyebo's Gadget Gallery.
 10397 | D:9      | Found a broken altar of Ashenzari.
 10397 | D:9      | Found a white marble altar of Elyvilon.
 10399 | D:9      | Noticed a kobold demonologist
 10406 | D:9      | Killed a kobold demonologist
 10451 | D:9      | Became a worshipper of Ashenzari the Shackled
 11022 | D:9      | Found a bloodstained altar of Trog.
 11084 | D:10     | Entered Level 10 of the Dungeon
 11095 | D:10     | Noticed a gargoyle
 11106 | D:10     | Killed a gargoyle
 11178 | D:10     | Identified +0 acid dragon scales
 11318 | D:10     | Noticed a cyclops
 11324 | D:10     | Killed a cyclops
 11325 | D:10     | Reached skill level 6 in Fighting
 11325 | D:10     | Reached skill level 6 in Short Blades
 11325 | D:10     | Reached skill level 6 in Long Blades
 11325 | D:10     | Reached skill level 6 in Axes
 11325 | D:10     | Reached skill level 6 in Maces & Flails
 11325 | D:10     | Reached skill level 6 in Polearms
 11325 | D:10     | Reached skill level 6 in Staves
 11325 | D:10     | Reached skill level 6 in Ranged Weapons
 11325 | D:10     | Reached skill level 6 in Throwing
 11325 | D:10     | Reached skill level 6 in Armour
 11325 | D:10     | Reached skill level 6 in Shields
 11325 | D:10     | Reached skill level 6 in Unarmed Combat
 11325 | D:10     | Reached skill level 5 in Hexes
 11325 | D:10     | Reached skill level 5 in Summonings
 11325 | D:10     | Reached skill level 5 in Necromancy
 11325 | D:10     | Reached skill level 5 in Translocations
 11325 | D:10     | Reached skill level 5 in Transmutations
 11325 | D:10     | Reached skill level 5 in Fire Magic
 11325 | D:10     | Reached skill level 5 in Ice Magic
 11325 | D:10     | Reached skill level 5 in Air Magic
 11325 | D:10     | Reached skill level 5 in Earth Magic
 11325 | D:10     | Reached skill level 5 in Poison Magic
 11325 | D:10     | Reached skill level 6 in Evocations
 11325 | D:10     | Reached XP level 11. HP: 80/81 MP: 22/22
 11334 | D:10     | Reached skill level 8 in Spellcasting
 11846 | D:10     | Noticed Erolcha
 11877 | D:10     | Killed Erolcha
 12397 | D:11     | Noticed Fannar
 12415 | D:11     | Identified +0 acid dragon scales
 12416 | D:11     | Reached skill level 9 in Conjurations
 12416 | D:11     | Reached skill level 7 in Invocations
 12456 | D:11     | Killed Fannar
 12457 | D:11     | Reached skill level 8 in Dodging
 12662 | D:11     | Noticed a two-headed ogre
 12684 | D:11     | Killed a two-headed ogre
 12954 | D:11     | Noticed a manticore
 12975 | D:11     | Killed a manticore
 13299 | D:11     | Reached skill level 8 in Stealth
 13867 | Lair:1   | Entered Level 1 of the Lair of Beasts
 13928 | Lair:1   | Reached * piety under Ashenzari
 14312 | Lair:1   | Reached ** piety under Ashenzari
 14355 | Lair:1   | Reached skill level 7 in Fighting
 14355 | Lair:1   | Reached skill level 7 in Short Blades
 14355 | Lair:1   | Reached skill level 7 in Long Blades
 14355 | Lair:1   | Reached skill level 7 in Axes
 14355 | Lair:1   | Reached skill level 7 in Maces & Flails
 14355 | Lair:1   | Reached skill level 7 in Polearms
 14355 | Lair:1   | Reached skill level 7 in Staves
 14355 | Lair:1   | Reached skill level 7 in Ranged Weapons
 14355 | Lair:1   | Reached skill level 7 in Throwing
 14355 | Lair:1   | Reached skill level 7 in Armour
 14355 | Lair:1   | Reached skill level 7 in Shields
 14355 | Lair:1   | Reached skill level 7 in Unarmed Combat
 14355 | Lair:1   | Reached skill level 7 in Evocations
 15056 | Lair:2   | Found a staircase to the Swamp.
 15056 | Lair:2   | Noticed a will-o-the-wisp
 15066 | Lair:2   | Killed a will-o-the-wisp
 15067 | Lair:2   | Reached XP level 12. HP: 94/94 MP: 20/26
 15220 | Lair:2   | Reached skill level 6 in Hexes
 15220 | Lair:2   | Reached skill level 6 in Summonings
 15220 | Lair:2   | Reached skill level 6 in Necromancy
 15220 | Lair:2   | Reached skill level 6 in Translocations
 15220 | Lair:2   | Reached skill level 6 in Transmutations
 15220 | Lair:2   | Reached skill level 6 in Fire Magic
 15220 | Lair:2   | Reached skill level 6 in Ice Magic
 15220 | Lair:2   | Reached skill level 6 in Air Magic
 15220 | Lair:2   | Reached skill level 6 in Earth Magic
 15220 | Lair:2   | Reached skill level 6 in Poison Magic
 15374 | Lair:2   | Reached skill level 8 in Invocations
 15491 | Lair:2   | Reached skill level 9 in Spellcasting
 15647 | Lair:2   | Upgraded the game from 0.29-a0-982-gaed3a0c8d8 to
                  | 0.29-a0-994-gc5c9f59d18
 15890 | Lair:2   | Noticed a five-headed hydra
 15901 | Lair:2   | Killed a five-headed hydra
 15902 | Lair:2   | Reached skill level 9 in Dodging
 16252 | Lair:2   | Found a hole to the Spider Nest.
 17279 | Lair:3   | Noticed Gastronok
 17368 | Lair:3   | Noticed Nessos
 17439 | Lair:3   | Noticed Qenutwie's ghost (journeyman HOCA)
 17439 | Lair:3   | Found a large runed translucent door.
 17439 | Lair:3   | Found a large runed translucent door.
 17484 | Lair:3   | Reached skill level 9 in Stealth
 17487 | Lair:3   | HP: 7/87 [hell rat (12)]
 17489 | Lair:3   | Slain by a hell rat

Vanquished Creatures
  Fannar (D:11)
  Erolcha (D:10)
  A hydra (Lair:2)
  A two-headed ogre (D:11)
  A manticore (D:11)
  A will-o-the-wisp (Lair:2)
  A cyclops (D:10)
  An elephant (D:8)
  A torpor snail (Lair:2)
  A black mamba (Lair:2)
  7 cane toads
  Maggie (D:7)
  A kobold demonologist (D:9)
  A gargoyle (D:10)
  A rime drake (Lair:2)
  7 komodo dragons
  A polar bear (Lair:3)
  2 hornets
  4 slime creatures (D:11)
  5 blink frogs (Lair:2)
  A shadow (D:11)
  7 wyverns
  A vampire (D:8)
  2 wraiths
  4 yaks
  3 basilisks
  2 steam dragons
  Edmund (D:6)
  2 acid dragons
  4 water moccasins
  4 orc warriors
  Duvessa (D:7)
  5 black bears
  2 sky beasts (D:6)
  A wolf (Lair:2)
  3 ogres
  2 centaurs
  2 phantoms
  A gnoll sergeant (D:6)
  7 bullfrogs
  2 kobold brigands
  3 necrophages
  6 scorpions
  3 wights (D:6)
  Dowan (D:7)
  4 killer bees (D:11)
  3 howler monkeys
  A crimson imp (D:8)
  6 orc priests
  Crazy Yiuf (D:7)
  2 hounds
  2 jellies (D:6)
  Terence (D:3)
  3 hell rats (Lair:3)
  4 iguanas
  6 orc wizards
  3 gnolls (D:6)
  4 adders
  A shadow imp (D:6)
  2 white imps
  2 ufetubi
  3 worms
  5 dart slugs
  49 orcs
  6 ball pythons
  4 bats
  4 endoplasms
  2 giant cockroaches
  10 hobgoblins
  2 jackals (D:2)
  15 kobolds
  3 quokkas (D:3)
  5 frilled lizards
  7 goblins
  6 rats
276 creatures vanquished.

Vanquished Creatures (others)
  4 foxfires (Lair:2)
  132 fulminant prisms
  20 fungi
  111 plants
267 creatures vanquished.

Grand Total: 543 creatures vanquished
